 Dungeon Crawl Stone Soup version 0.28.0-53-g5a82cb258f (webtiles) character file.

Game seed: 9294717875831541428

156 gobodom the Chopper (level 5, -7/40 HPs)
             Began as a Demonspawn Gladiator on June 18, 2022.
             Mangled by an ogre
             ... wielding a +0 giant club
              (26 damage)
             ... on level 4 of the Dungeon.
             The game lasted 00:15:48 (3369 turns).

gobodom the Chopper (Demonspawn Gladiator)          Turns: 3369, Time: 00:15:49

Health: -7/40      AC:  5    Str: 26    XL:     5   Next: 14%
Magic:  5/5        EV: 12    Int: 15    God:
Gold:   1121       SH:  6    Dex: 16    Spells: 4/4 levels left

rFire   . . .      SeeInvis .   a - +0 war axe
rCold   + . .      Faith    .   i - +3 buckler "Qirchugur" {Str+4 Int+5}
rNeg    . . .      Spirit   .   u - +0 animal skin
rPois   .          Reflect  .   p - +0 helmet "Dukhlih" {Slay+2}
rElec   +          Harm     .   (no cloak)
rCorr   .          Rampage  .   t - +1 pair of gloves
Will    .....                   (no boots)
Stlth   +++.......              (no amulet)
HPRegen 0.13/turn               r - ring "Nent" {Fly rElec rC+ Str+6}
MPRegen 0.09/turn               (no ring)

@: flying
A: thin skeletal structure 1
a: no special abilities


You were on level 4 of the Dungeon.
You visited 1 branch of the dungeon, and saw 4 of its levels.

You collected 1408 gold pieces.
You spent 287 gold pieces at shops.

Inventory:

Hand Weapons
 a - a +0 war axe (weapon)
Missiles
 d - 3 throwing nets
 m - 121 stones
 q - 6 poisoned darts (quivered)
Armour
 b - a +0 leather armour
 i - the +3 buckler "Qirchugur" (worn) {Str+4 Int+5}
   (You acquired it on level 2 of the Dungeon)

   Str:       It affects your strength (+4).
   Int:       It affects your intelligence (+5).
 p - the +0 helmet "Dukhlih" (worn) {Slay+2}
   (You found it on level 2 of the Dungeon)

   Slay:      It affects your accuracy & damage with ranged weapons and melee
   (+2).
 t - a +1 pair of gloves (worn)
 u - a +0 animal skin (worn)
Magical Staves
 j - a staff of air
Jewellery
 r - the ring "Nent" (left hand) {Fly rElec rC+ Str+6}
   (You bought it in a shop on level 2 of the Dungeon)

   [ring of flight]

   Str:       It affects your strength (+6).
   rC:        It protects you from cold.
   rElec:     It insulates you from electricity.
   Fly:       It grants you flight.
Scrolls
 e - a scroll of teleportation {unknown}
 g - 2 scrolls of fog {unknown}
 k - 2 scrolls of magic mapping {unknown}
 l - a scroll of blinking {unknown}
 n - 2 scrolls of enchant weapon {unknown}
 o - a scroll of noise
 s - a scroll of fear {unknown}
Potions
 c - a potion of cancellation
 f - 2 potions of might
 h - a potion of mutation


   Skills:
 + Level 2.9 Fighting
 + Level 4.0 Axes
 + Level 1.9 Throwing
 + Level 1.7 Armour
 + Level 3.1 Dodging
 + Level 0.6 Stealth


You had 4 spell levels left.
You didn't know any spells.
Your spell library contained the following spells:

 Spells                   Type           Power      Damage    Failure   Level
 Frozen Ramparts          Ice            0%         1d2       73%         3
 Ice Form                 Ice/Tmut       0%         N/A       98%         4
 Summon Ice Beast         Ice/Summ       0%         N/A       98%         4


Dungeon Overview and Level Annotations

Branches:
Dungeon (4/15)
 Temple: D:4-7

Altars:
Trog

Shops:
D:2 *


Innate Abilities, Weirdness & Mutations

You have a somewhat thin skeletal structure. (Dex +2, Stealth+)


Message History

You see here a +0 flail.
Things that are here:
a +0 dagger; a +0 dagger; a goblin skeleton
Items here: ( )))) ÷÷.
You see here a hound corpse.
You see here a +0 halberd.
k - 2 scrolls labelled EZAAGU JEATHY (gained 1)
You now have 1121 gold pieces (gained 19).
An ogre comes into view. It is wielding a +0 giant club.
The ogre shouts!
You see here a scroll of identify.
Throw: 7 darts (poison)
Press: ? - help, Q - select action, (/) - cycle Shift-Dir - straight line, f - ogre
Aim: an ogre, wielding a +0 giant club (77% to hit)
You throw a poisoned dart. The poisoned dart hits the ogre.
The ogre is poisoned.
A water moccasin skeleton comes into view.
You hit the ogre.
The ogre is lightly wounded.
The ogre looks more healthy.
The ogre hits you with a +0 giant club!
You hit the ogre.
The ogre is moderately wounded.
The ogre closely misses you.
You barely miss the ogre.
The ogre is moderately wounded.
You hit the water moccasin skeleton.
The water moccasin skeleton bites you but does no damage.
The ogre closely misses you.
The water moccasin skeleton bites you but does no damage.
You hit the ogre.
The ogre is heavily wounded.
You slash the water moccasin skeleton! The ogre hits you with a +0 giant club.
The water moccasin skeleton bites you but does no damage.
The water moccasin skeleton bites you.
You hit the ogre.
The ogre is severely wounded.
You slash the water moccasin skeleton!
The ogre hits you with a +0 giant club!!
Ouch! That really hurt!
You die...

#.... #. ....
#.#####..
#.#...#.##+##
#.#.>.......
#.#...#.# .#
#.#.....##.####
#.##..#OZ......
#.(...#@...####
#......)......# ..#
#.............# ..#
#......÷)###### ...#
#.....))<#######....#
#.....)÷)).....#....#
#....................
#............).#...#
########.....).....#


You could see an ogre and a water moccasin skeleton.

Vanquished Creatures
  A hound (D:4)
  Robin (D:4)
  4 gnolls (D:4)
  2 adders (D:2)
  A white imp (D:3)
  A worm (D:4)
  2 bats
  An endoplasm (D:1)
  15 goblins
  7 hobgoblins
  3 quokkas
  3 ball pythons (D:2)
  4 kobolds
  2 rats (D:3)
47 creatures vanquished.

Notes
Turn   | Place    | Note
-------+----------+-------------------------------------------
     0 | D:1      | gobodom the Demonspawn Gladiator began the quest for the
                  | Orb.
     0 | D:1      | Reached XP level 1. HP: 16/16 MP: 1/1
   955 | D:2      | Found Latul's Assorted Antiques.
   963 | D:2      | Gained mutation: You have a somewhat thin skeletal
                  | structure. (Dex +2, Stealth+) [demonic ancestry]
   963 | D:2      | Reached XP level 2. HP: 21/22 MP: 2/2
   992 | D:2      | Reached skill level 3 in Axes
  1017 | D:2      | Identified the +0 helmet "Dukhlih" {Slay+2}
  1311 | D:2      | Reached skill level 1 in Armour
  1311 | D:2      | Reached XP level 3. HP: 27/27 MP: 3/3
  1767 | D:2      | Identified 3 scrolls of acquirement
  1767 | D:2      | Acquired 642 gold pieces
  1768 | D:2      | Acquired the +3 buckler "Qirchugur" {Str+4 Int+5}
  1775 | D:2      | Acquired 654 gold pieces
  1808 | D:2      | Bought a flickering jade ring for 115 gold pieces
  1808 | D:2      | Identified the ring "Nent" {Fly rElec rC+ Str+6} (You
                  | bought it in a shop on level 2 of the Dungeon)
  1808 | D:2      | Bought a pair of glowing gloves for 172 gold pieces
  1986 | D:3      | Found a bloodstained altar of Trog.
  2287 | D:3      | Found a faded altar of an unknown god.
  2973 | D:4      | Noticed Robin
  2981 | D:4      | Reached XP level 4. HP: 30/33 MP: 4/4
  2988 | D:4      | Killed Robin
  3153 | D:4      | Reached skill level 4 in Axes
  3165 | D:4      | Reached XP level 5. HP: 19/39 MP: 5/5
  3354 | D:4      | Noticed an ogre
  3369 | D:4      | Mangled by an ogre

Illustrated notes

Levels and vault maps discovered:
D:1:      minmay_arrival_cross, layout_loops_ring
D:2:      layout_rooms, serial_shops,
          nicolae_shop_temple_entry_statues_fountains
D:3:      layout_loops_corners, nicolae_overflow_hidden_temple,
          chequers_ecumenical_altar_island, corexii_shack
D:4:      layout_basic, uniq_robin

Skill      XL: |  1  2  3  4 |
---------------+-------------+-----
Axes           | 3 4 |  4.0
Dodging        | 3 |  3.1
Armour         | 1 |  1.7
Fighting       | |  2.9
Throwing       | |  1.9
Stealth        | |  0.6

Action                   |  1- 3 |  4- 6 || total
-------------------------+-------+-------++-------
Melee: War axe           |    74 |    38 ||   112
Throw: Throwing net      |     1 |       ||     1
       Dart              |       |     1 ||     1
  Use: Scroll            |     7 |       ||     7
 Stab: Sleeping          |     4 |       ||     4
Armor: Leather armour    |    27 |     3 ||    30
       Animal skin       |       |     4 ||     4
Dodge: Dodged            |    57 |    28 ||    85
Block: Buckler           |     9 |     7 ||    16
